 Dungeon Crawl Stone Soup version 0.21.1-1-g345015f (webtiles) character file.

607 zishaf the Destroyer (level 7, -1/36 HPs)
             Began as a Tengu Conjurer on May 14, 2018.
             Was a Follower of Ashenzari.
             Killed from afar by an orc wizard (4 damage)
             ... with a magic dart
             ... on level 5 of the Dungeon.
             The game lasted 00:15:02 (5840 turns).

zishaf the Destroyer (Tengu Conjurer)               Turns: 5840, Time: 00:15:02

Health: -1/36      AC:  3    Str:  8    XL:     7   Next: 43%
Magic:  0/13       EV: 14    Int: 18    God:    Ashenzari [*.....]
Gold:   368        SH:  0    Dex: 14    Spells: 6/13 levels left

rFire    . . .     SeeInvis .   r - -3 dagger (curse)
rCold    . . .     Gourm    .   (no shield)
rNeg     . . .     Faith    .   q - +0 robe (curse)
rPois    +         Spirit   .   (helmet restricted)
rElec    .         Reflect  .   B - +0 cloak (curse)
rCorr    .         Harm     .   (no gloves)
MR       .....                  (boots unavailable)
Stlth    ++........             i - amulet of inaccuracy (curse)
HPRegen  0.12/turn              h - ring of loudness (curse)
MPRegen  0.13/turn              l - ring of poison resistance (curse)

@: no status effects
A: beak, talons 3, able to fly 1
a: Fly, Curse Item, Scrying, Renounce Religion


You were on level 5 of the Dungeon.
You worshipped Ashenzari.
Ashenzari was aware of your devotion.
You were not hungry.

You visited 1 branch of the dungeon, and saw 5 of its levels.

You collected 368 gold pieces.

Inventory:

Hand Weapons
 r - a cursed -3 dagger (weapon)
Armour
 a - a +0 robe
 q - a cursed +0 robe (worn)
 B - a cursed +0 cloak (worn)
Jewellery
 h - a cursed ring of loudness (left hand)
 i - a cursed amulet of inaccuracy (around neck)
 l - a cursed ring of poison resistance (right hand)
 n - an uncursed ring of positive energy
 s - a +2 ring of intelligence
 y - a +5 ring of protection
 z - a cursed ring of loudness
Scrolls
 d - 2 scrolls of fear {unknown}
 g - 3 scrolls of remove curse
 k - 5 scrolls of teleportation {unknown}
 p - a scroll of magic mapping {unknown}
 u - a scroll of immolation {unknown}
 w - 5 scrolls of identify {unknown}
 x - a scroll of enchant armour {unknown}
 D - a scroll of amnesia {unknown}
Potions
 e - a potion of ambrosia {unknown}
 f - 3 potions of curing {unknown}
 j - 2 potions of lignification {unknown}
 m - 2 potions of brilliance {unknown}
 o - a potion of haste {unknown}
 t - a potion of flight {unknown}
 v - a potion of degeneration {unknown}
 A - 2 potions of mutation {unknown}
 C - a potion of invisibility {unknown}
Books
 b - a book of Conjurations

   Spells                             Type                      Level
   a - Magic Dart                     Conjuration                  1
   b - Searing Ray                    Conjuration                  2
   c - Dazzling Spray                 Conjuration/Hexes            3
   d - Fulminant Prism                Conjuration/Hexes            4
   e - Force Lance                    Conjuration/Translocation    4
   f - Iskenderun's Mystic Blast      Conjuration                  4
Comestibles
 c - 7 rations


   Skills:
 - Level 4.1 Dodging
 - Level 4.0 Stealth
 - Level 3.5 Spellcasting
 + Level 8.7 Conjurations


You had 6 spell levels left.
You knew the following spells:

 Your Spells              Type           Power        Failure   Level  Hunger
a - Magic Dart            Conj           ####         1%          1    None
b - Searing Ray           Conj           ####..       1%          2    ##.....
c - Iskenderun's Mystic   Conj           ####....     4%          4    ####...


Dungeon Overview and Level Annotations

Branches:
Dungeon (5/15)             Temple (0/1) D:5

Altars:
Ashenzari


Innate Abilities, Weirdness & Mutations

You have a beak for a mouth.
You have claws for feet.
You can fly.


Message History

a +2 dagger of speed; a +0 robe The orc wizard barely misses you.
The orc wizard closely misses you. The orc wizard barely misses you.
Casting: Magic Dart
Confirm with . or Enter, or press ? or * to list all spells.
Aiming: Magic Dart
Press: ? - help, Shift-Dir - straight line, f/p - orc wizard
Aim: an orc wizard, wielding a dagger and wearing a robe (severely wounded, fast)
The magic dart hits the orc wizard.
The orc wizard is severely wounded.
The orc wizard hits you with a dagger. The orc wizard closely misses you.
An orc priest comes into view.
The orc wizard points at you and mumbles some strange words.
The magic dart hits you!
* * * LOW HITPOINT WARNING * * *
The orc priest moves out of view.
The orc wizard points at you and mumbles some strange words.
The magic dart hits you!
You die...

#.........# .
#oo.......#
#o........#
#.........#
#.........# #
######.........##.#
#......o..........#
##.###.........####
#@o.#####.........
###.# #.#..#####
#.# #.#....... #)#
#.........
#.#######.......
#...............
##########......
#...... #......


You could see an orc wizard.

Vanquished Creatures
  An ice beast (D:4)
  4 orc wizards
  A hound (D:5)
  A jelly (D:2)
  2 iguanas
  Jessica (D:3)
  2 worker ants
  Robin (D:3)
  7 adders
  A shadow imp (D:5)
  4 dart slugs
  4 leopard geckos
  17 orcs
  4 giant cockroaches
  21 goblins
  11 hobgoblins
  5 jackals
  6 kobolds
  3 quokkas
  3 ball pythons
  8 bats
  5 frilled lizards
  A jackal skeleton (D:4)
  9 rats
122 creatures vanquished.

Notes
Turn   | Place    | Note
-------+----------+-------------------------------------------
     0 | D:1      | zishaf the Tengu Conjurer began the quest for the Orb.
     0 | D:1      | Reached XP level 1. HP: 10/10 MP: 4/4
    79 | D:1      | Found a shattered altar of Ashenzari.
   167 | D:1      | Reached XP level 2. HP: 15/15 MP: 4/6
   614 | D:1      | Reached XP level 3. HP: 19/19 MP: 5/7
  1072 | D:1      | Became a worshipper of Ashenzari the Shackled
  1848 | D:2      | Reached XP level 4. HP: 24/24 MP: 6/8
  1906 | D:2      | Learned a level 2 spell: Searing Ray
  2195 | D:2      | Found a faded altar of an unknown god.
  2466 | D:2      | Reached skill level 6 in Conjurations
  2609 | D:2      | Gained mutation: You can fly. [Tengu growth]
  2609 | D:2      | Reached XP level 5. HP: 11/28 MP: 0/10
  3203 | D:3      | Learned a level 4 spell: Iskenderun's Mystic Blast
  3216 | D:3      | Noticed Jessica
  3217 | D:3      | Killed Jessica
  3333 | D:3      | Reached XP level 6. HP: 32/32 MP: 3/11
  3542 | D:3      | Noticed Robin
  3557 | D:3      | Killed Robin
  4563 | D:4      | Reached * piety under Ashenzari
  4870 | D:5      | Entered Level 5 of the Dungeon
  4892 | D:5      | Reached skill level 7 in Conjurations
  5139 | D:5      | Found a staircase to the Ecumenical Temple.
  5247 | D:5      | Noticed an ice beast
  5290 | D:4      | Killed an ice beast
  5290 | D:4      | Reached skill level 8 in Conjurations
  5290 | D:4      | Reached XP level 7. HP: 15/36 MP: 1/13
  5840 | D:5      | Killed from afar by an orc wizard

Skill      XL: |  1  2  3  4  5  6 |
---------------+-------------------+-----
Dodging        | 3 4 |  4.1
Stealth        | 3 4 |  4.0
Conjurations   | 6 8 |  8.7
Spellcasting   | 3 |  3.5

Action                   |  1- 3 |  4- 6 |  7- 9 || total
-------------------------+-------+-------+-------++-------
Melee: Dagger            |       |     1 |     2 ||     3
 Cast: Magic Dart        |    61 |   163 |    19 ||   243
       Searing Ray       |       |     7 |     3 ||    10
       Iskenderun's Myst |       |     4 |     2 ||     6
Invok: Curse Item        |     1 |     1 |       ||     2
  Eat: Ration            |     1 |       |     1 ||     2
       Chunk             |       |    11 |       ||    11
Armor: Robe              |     2 |    11 |     2 ||    15
Dodge: Dodged            |    12 |    22 |    14 ||    48
